Map: Tokamak LE

Players

KimChiLoVer - Winner!

  • Race: Terran Terran
  • Spawn Location: 7:00

A.I. 1 (Elite)

  • Race: Terran Terran
  • Spawn Location: 1:00

VOD

Have the link to the VOD?

Description

Time

  • Played on: Aug. 5, 2025, 10:53 p.m.
  • Length: 14:14
Show
View Real Time Build Order
Export as new Build Order

KimChiLoVer Terran - Winner!

Build Orders: Reaper Expand 

Get SALT Encoding   

  12  0:00  SCV  
  13  0:12  SCV  
  14  0:18  Supply Depot  
  14  0:24  SCV  
  15  0:39  SCV  
  15  0:41  Barracks  
  16  0:44  Refinery  
  16  0:51  SCV  
  17  1:03  SCV  
  18  1:17  SCV  
  19  1:29  Orbital Command  
  19  1:31  Reaper  
  20  1:38  Command Center  
  20  1:49  Supply Depot  
  20  1:55  SCV  
  21  2:09  Marine  
  21  2:10  Factory  
  22  2:15  SCV  
  22  2:20  Refinery  
  23  2:28  Barracks Reactor, SCV  
  24  2:40  SCV  
  24  2:42  Barracks x2  
  25  2:50  Orbital Command  
  25  2:52  SCV  
  25  2:57  Starport  
  26  2:59  Factory Tech Lab  
  26  3:05  SCV  
  27  3:08  Marine  
  27  3:10  Marine  
  29  3:17  SCV  
  29  3:18  SCV  
  31  3:28  Factory Reactor  
  31  3:29  Marine x2, SCV  
  31  3:30  SCV  
  35  3:38  Stimpack  
  35  3:39  Marine  
  35  3:40  Marine  
  37  3:47  SCV x2  
  39  3:58  Command Center  
  39  3:59  SCV  
  40  4:05  Marine x2  
  42  4:12  Medivac x2  
  46  4:17  Engineering Bay  
  46  4:19  Supply Depot  
  46  4:24  Supply Depot  
  46  4:27  Marine x3, SCV  
  50  4:34  SCV  
  50  4:35  Engineering Bay  
  51  4:40  SCV  
  51  4:44  Marine  
  51  4:45  Marine  
  54  4:49  Factory Reactor  
  54  4:53  Marine x2  
  54  4:57  Terran Infantry Weapons Level 1  
  54  4:58  SCV  
  54  4:59  SCV  
  58  5:02  Marine, Terran Infantry Armor Level 1  
  58  5:04  Marine  
  60  5:11  Marine, SCV  
  62  5:18  Combat Shield, SCV  
  64  5:25  Supply Depot  
  64  5:26  Orbital Command  
  64  5:27  Marine  
  65  5:32  Barracks  
  65  5:34  Barracks  
  65  5:39  Barracks Tech Lab  
  64  5:49  Barracks, Factory Tech Lab  
  61  5:59  Marauder x2, Marine x2  
  61  6:02  Medivac  
  57  6:16  Marine x2  
  59  6:20  Marine  
  59  6:21  Siege Tank  
  62  6:33  SCV  
  62  6:35  Refinery  
  62  6:36  SCV  
  62  6:37  Refinery  
  65  6:45  SCV  
  65  6:48  SCV  
  65  6:49  Barracks Reactor, Barracks Tech Lab  
  65  6:50  Orbital Command  
  65  6:51  Concussive Shells  
  65  6:52  Marauder x2, Marine x3  
  65  6:53  Marine  
  74  6:58  Armory  
  74  7:00  Supply Depot  
  74  7:01  SCV  
  75  7:02  Supply Depot  
  75  7:04  Supply Depot  
  77  7:08  Marauder  
  77  7:09  Command Center  
  77  7:10  Marine x3  
  77  7:13  Marine x2  
  77  7:14  Marauder  
  84  7:28  Marine  
  85  7:32  Viking x2  
  85  7:33  Siege Tank  
  85  7:34  Marine x2  
  85  7:35  Marauder, Marine  
  85  7:36  Marauder x2  
  101  7:40  SCV x2  
  101  7:41  SCV  
  104  7:52  SCV  
  104  7:53  SCV x2  
  104  7:57  Terran Infantry Weapons Level 2  
  107  8:01  Terran Infantry Armor Level 2  
  107  8:02  Barracks  
  107  8:03  Marine x4  
  107  8:04  Barracks  
  111  8:05  SCV  
  111  8:06  SCV  
  111  8:09  SCV  
  111  8:11  Marine  
  111  8:12  Marine  
  115  8:17  SCV  
  115  8:18  SCV  
  117  8:21  Supply Depot  
  117  8:23  Supply Depot, Terran Vehicle And Ship Armor Level 1  
  117  8:25  Supply Depot  
  117  8:27  Marine  
  117  8:28  Marauder, Marine x2  
  122  8:35  Medivac  
  122  8:38  Orbital Command  
  122  8:39  Starport  
  124  8:42  SCV x3  
  127  8:54  SCV x3  
  81  9:10  Marauder x2, Marine x4  
  84  9:19  Marauder, Barracks Tech Lab x2, Marine x2  
  83  9:26  Refinery x2  
  83  9:29  Command Center  
  85  9:31  Marauder x2  
  87  9:39  Marauder x2, Marine x4  
  87  9:40  Marine  
  87  9:42  Starport Reactor  
  96  9:58  Supply Depot x2, Orbital Command  
  96  10:01  Medivac x2  
  96  10:02  Siege Tank  
  96  10:05  Marauder x4, Marine  
  96  10:06  Marine x5  
  117  10:21  Liberator x2  
  117  10:24  Command Center, Marauder, Marine x2  
  117  10:25  Marine x2  
  117  10:26  Marauder  
  117  10:27  Marauder x2  
  135  10:31  Terran Infantry Weapons Level 3  
  135  10:34  Siege Tank  
  138  10:36  Marauder, Marine x2  
  138  10:42  Supply Depot  
  142  10:43  Supply Depot  
  142  10:46  Marauder  
  144  10:58  Orbital Command  
  144  11:03  Marauder x3, Marine x3  
  144  11:04  Marauder, Marine x3  
  156  11:07  Marauder  
  160  11:21  Marine x2  
  162  11:41  Marauder x2, Marine  
  162  11:42  Marauder x3, Marine x5  
  171  11:52  Liberator  
  171  11:53  Liberator  
  168  11:58  SCV x2  
  168  11:59  Marine x2, SCV x2  
  168  12:00  Marine x4  
  176  12:02  Marauder, Marine x4  
  156  12:17  Marine x6  
  156  12:20  Marine x4  
  165  12:23  Marine  
  166  12:34  Marine  
  166  12:35  Marine x5  
  172  12:38  Marauder  
  172  12:39  Marauder x3  
  172  12:41  Medivac x4, Marauder  
  190  12:52  Marine  
  190  12:53  Marine x5  
  196  12:59  Marauder  
  196  13:00  Marauder  
  199  13:21  Marine  
  200  13:27  Command Center  
  200  13:31  Command Center  
  200  13:40  Orbital Command  
Show
View Real Time Build Order
Export as new Build Order

A.I. 1 (Elite) Terran 

Build Orders: 2 Factory, Command Center First, Mech 

Get SALT Encoding   

  12  0:00  SCV  
  13  0:13  SCV  
  14  0:18  Supply Depot  
  14  0:25  SCV  
  15  0:39  SCV  
  16  0:52  SCV  
  17  1:04  Command Center, SCV  
  18  1:17  Barracks  
  18  1:18  SCV  
  19  1:41  Refinery  
  19  1:54  Supply Depot  
  19  1:55  SCV  
  20  2:04  Marine  
  20  2:05  Refinery  
  20  2:08  Orbital Command  
  21  2:15  SCV  
  21  2:22  Marine  
  22  2:27  SCV  
  23  2:33  SCV  
  24  2:40  Marine, SCV  
  26  2:54  Factory, Orbital Command  
  26  2:56  SCV  
  26  2:58  Marine  
  28  3:04  Factory  
  28  3:09  SCV  
  29  3:15  Marine  
  31  3:20  SCV  
  31  3:21  SCV  
  32  3:27  Supply Depot  
  32  3:32  SCV  
  32  3:33  Marine, SCV  
  35  3:39  Factory Tech Lab  
  35  3:44  SCV  
  35  3:45  SCV  
  35  3:48  Factory Tech Lab  
  37  3:51  Marine  
  38  3:56  SCV  
  38  3:57  SCV  
  38  4:00  Siege Tank  
  38  4:02  Supply Depot  
  43  4:06  Siege Tank  
  43  4:08  SCV  
  43  4:09  SCV  
  48  4:17  Supply Depot, Marine  
  48  4:20  SCV  
  48  4:22  SCV  
  51  4:25  Supply Depot  
  51  4:32  Siege Tank, SCV  
  51  4:34  SCV  
  56  4:41  Supply Depot  
  56  4:44  Siege Tank, Marine, SCV  
  61  4:46  SCV  
  62  4:54  Armory  
  62  4:56  SCV  
  62  4:58  SCV  
  64  5:00  Supply Depot  
  64  5:02  Marine  
  64  5:03  Refinery  
  64  5:04  Hellion  
  64  5:05  Barracks  
  67  5:08  SCV  
  67  5:10  Refinery, SCV  
  69  5:16  Hellion  
  69  5:20  Barracks Tech Lab  
  69  5:21  SCV  
  72  5:22  SCV  
  72  5:25  Hellion  
  75  5:33  SCV  
  75  5:34  SCV  
  77  5:38  Hellion  
  77  5:40  Command Center, Armory  
  79  5:44  Terran Vehicle And Ship Armor Level 1  
  79  5:45  SCV  
  79  5:46  SCV  
  81  5:51  Factory  
  74  5:57  SCV  
  74  5:58  SCV  
  57  6:06  Hellion  
  57  6:09  SCV  
  57  6:10  SCV  
  56  6:16  Hellion  
  56  6:21  SCV  
  56  6:23  SCV  
  53  6:27  Terran Vehicle Weapons Level 1  
  53  6:33  SCV  
  53  6:35  Hellion, SCV  
  57  6:44  Hellion  
  57  6:45  SCV  
  61  6:47  SCV  
  61  6:52  SCV  
  62  6:56  Siege Tank  
  62  6:57  SCV  
  62  6:59  SCV  
  67  7:04  SCV  
  71  7:08  Siege Tank  
  71  7:09  SCV  
  71  7:11  SCV  
  73  7:17  SCV  
  73  7:18  Infernal Pre-Igniter  
  73  7:22  SCV  
  75  7:23  SCV  
  75  7:29  SCV  
  77  7:34  SCV  
  77  7:35  SCV  
  79  7:41  Thor, SCV  
  86  7:47  SCV  
  86  7:48  SCV  
  88  7:53  SCV  
  89  7:59  SCV  
  89  8:00  SCV  
  89  8:05  Thor, SCV  
  91  8:11  Supply Depot, SCV  
  98  8:13  SCV  
  98  8:17  SCV  
  100  8:22  Engineering Bay  
  100  8:24  SCV  
  100  8:26  SCV  
  102  8:29  SCV  
  103  8:35  Terran Vehicle Weapons Level 2  
  103  8:36  SCV  
  103  8:41  SCV  
  105  8:42  SCV  
  105  8:43  Supply Depot  
  105  8:48  Missile Turret, SCV  
  107  8:51  Missile Turret  
  107  8:53  SCV  
  107  8:55  SCV  
  109  8:59  Marauder  
  109  9:00  Marine, SCV  
  92  9:06  Hellion  
  92  9:07  Orbital Command  
  92  9:08  Hellion  
  92  9:09  SCV  
  90  9:12  SCV  
  90  9:15  Hellion  
  84  9:18  Marine  
  84  9:20  Marine  
  84  9:22  SCV  
  87  9:24  SCV  
  87  9:28  Hellion  
  87  9:29  Siege Tank  
  93  9:34  SCV x2  
  93  9:36  Hellion, Marine, SCV  
  93  9:38  Marine  
  100  9:46  SCV  
  100  9:49  Siege Tank  
  100  9:51  Supply Depot, Missile Turret  
  104  9:54  Marine  
  104  9:56  Command Center  
  104  9:58  Hellion  
  107  10:01  Siege Tank  
  107  10:06  Marine  
  111  10:12  Missile Turret, Marine  
  112  10:15  Supply Depot  
  112  10:20  Thor  
  118  10:23  Widow Mine, Starport  
  120  10:34  Missile Turret, Siege Tank  
  123  10:40  Supply Depot  
  123  10:48  Barracks, Widow Mine  
  123  10:49  Refinery, Barracks Reactor  
  125  10:53  Engineering Bay  
  125  10:57  Refinery  
  125  10:59  Medivac  
  125  11:00  Missile Turret  
  125  11:03  Thor  
  133  11:07  Supply Depot  
  133  11:09  SCV x2  
  133  11:10  SCV x2  
  140  11:20  Refinery, Factory Tech Lab  
  140  11:22  Refinery  
  140  11:26  Missile Turret, Planetary Fortress, SCV  
  140  11:27  SCV  
  140  11:28  Marauder  
  140  11:31  Starport Tech Lab  
  142  11:35  SCV  
  142  11:38  SCV  
  142  11:39  Supply Depot, SCV  
  132  11:45  Marine  
  132  11:46  Marine  
  115  11:47  SCV  
  115  11:49  Marauder  
  115  11:51  SCV  
  106  11:54  SCV  
  106  11:59  SCV  
  95  12:03  Marine  
  95  12:05  Marine  
  78  12:08  Hellion  
  78  12:10  Marauder, Starport  
  78  12:12  SCV x3  
  78  12:14  SCV  
  80  12:20  Marine  
  75  12:23  Marine  
  75  12:24  SCV  
  75  12:26  SCV  
  75  12:29  Hellion  
  80  12:30  SCV  
  80  12:32  Marauder  
  77  12:38  Marine  
  77  12:40  SCV x2  
  77  12:41  Marine  
  78  12:48  Starport Tech Lab  
  70  13:02  Command Center  
  70  13:03  SCV  
  36  13:30  SCV  
  24  13:51  SCV  
Tags
 
Add a new tag
Caveats
  • Supply blocks, unpowered buildings, or Contaminate may cause inaccurate times.
  • Supply counts are checked every 10 seconds.